AoeStats
← Vinnyloot

Arena

510347771Analyzed
1v1 RM · 1d ago on Sep 30, 2026· 60m 20s· 2 players
Game mode
Random Map
Map size
Tiny (2 player)
Population
200
Speed
Normal
Resources
Standard
Victory
Conquest
Starting age
Dark Age
Ending age
Imperial Age
RankedLock teamsTeams togetherTeam positionsShared explorationLock speedFull tech treeHidden civsTurbo modeCheats
Victory
Defeat
🇨🇦 Wei · Canada
758
+17
🇩🇪 Vietnamese · Germany
777
-24
Vinnyloot
9:34 Feudal Age
9:56 Horse Collar
12:15 Double-Bit Axe
16:08 Loom
19:02 Castle Age
19:47 Bloodlines
19:31 Gold Mining
19:32 Stone Mining
21:40 Heavy Plow
32:17 Wheelbarrow
37:09 Husbandry
38:06 Wheelbarrow
41:15 Tuntian
41:25 Scale Barding Armor
43:57 Tuntian
46:07 Chain Barding Armor
45:58 Forging
49:58 Imperial Age
47:11 Pikeman
47:51 Squires
48:28 Murder Holes
48:45 Masonry
49:04 Scale Mail Armor
49:40 Iron Casting
48:56 Fletching
51:09 Thumb Ring
52:17 Ballistics
51:39 Treadmill Crane
51:23 Man-at-Arms
54:21 Conscription
55:31 Long Swordsman
60:21 Blast Furnace
60:24 Chemistry
59:56 Tuntian
Jolly_Jo
9:43 Loom
11:28 Feudal Age
16:05 Castle Age
14:52 Double-Bit Axe
14:48 Horse Collar
18:00 Fletching
20:04 Gold Mining
23:00 Bow Saw
23:56 Padded Archer Armor
24:55 Stone Mining
28:38 Wheelbarrow
28:22 Leather Archer Armor
30:26 Hand Cart
30:40 Murder Holes
34:07 Heavy Plow
35:20 Stone Shaft Mining
36:16 Fortified Wall
36:30 Ballistics
37:24 Town Watch
40:43 Imperial Age
38:25 Bodkin Arrow
38:43 Masonry
42:31 Squires
41:52 Pikeman
42:45 Forging
42:35 Scale Mail Armor
42:05 Elite Skirmisher
42:50 Thumb Ring
44:00 Chemistry
44:08 Two-Man Saw
44:46 Halberdier
46:47 Crop Rotation
49:54 Imperial Skirmisher
52:58 Chain Mail Armor
53:18 Iron Casting
Connection lost

Rejoining the realm…

Still unreachable

The connection could not be restored.

Session expired

The server has moved on; the page needs a fresh start.